 Dungeon Crawl Stone Soup version 0.22-a0-247-gbddf880 (webtiles) character file.

7 Amnesiac the Charlatan (level 1, 0/9 HPs)
             Began as a Spriggan Artificer on Feb 26, 2018.
             Slain by a wyvern (9 damage)
             ... on level 4 of the Dungeon.
             The game lasted 00:02:10 (824 turns).

Amnesiac the Charlatan (Spriggan Artificer)          Turns: 824, Time: 00:02:11

Health: 0/9        AC:  2    Str:  8    XL:     1   Next: 83%
Magic:  4/4        EV: 18    Int: 12    God:
Gold:   72         SH:  0    Dex: 16    Spells: 0/0 levels left

rFire    . . .     SeeInvis +   a - +0 short sword
rCold    . . .     Gourm    .   (shield restricted)
rNeg     . . .     Faith    .   b - +0 robe
rPois    .         Spirit   .   (helmet restricted)
rElec    .         Reflect  .   (no cloak)
rCorr    .         Harm     .   (gloves unavailable)
MR       .....                  (boots unavailable)
Stlth    ++........             (no amulet)
HPRegen  0.03/turn              (no ring)
MPRegen  0.09/turn              (no ring)

@: very quick
A: very small, unfitting armour, see invisible, herbivore, speed 3, slow
metabolism 2
a: no special abilities


You were on level 4 of the Dungeon.
You were not hungry.

You visited 1 branch of the dungeon, and saw 5 of its levels.

You collected 72 gold pieces.

Inventory:

Hand Weapons
 a - a +0 short sword (weapon)
Missiles
 i - 19 poisoned needles
 l - 10 stones (quivered)
Armour
 b - a +0 robe (worn)
 o - a +0 buckler
Wands
 c - a wand of flame (12)
 d - a wand of enslavement (10)
 e - a wand of random effects (11)
Scrolls
 g - 2 scrolls of remove curse {!r, unknown}
 h - a scroll of enchant weapon {!r, unknown}
 j - 2 scrolls of identify {!r, unknown}
 m - a scroll of immolation {!r, unknown}
 n - a scroll of fog {!r, unknown}
Potions
 k - a potion of curing {!q, unknown}
Comestibles
 f - 2 rations


   Skills:
 - Level 0.7 Fighting
 - Level 1.1 Short Blades
 - Level 3.0 Dodging
 - Level 1.5 Stealth
 + Level 4.7 Evocations


You couldn't memorise any spells.
You didn't know any spells.

Dungeon Overview and Level Annotations

Branches:
Dungeon (5/15)
 Temple: D:4-7

Altars:

Shops:
D:5 (

Annotations:
D:5 1 transporter


Innate Abilities, Weirdness & Mutations

You are very small and have problems with some larger weapons.
You are too small for most types of armour.
You have supernaturally acute eyesight. (SInv)
You are a herbivore.
You cover ground extremely quickly.
You need consume almost no food.


Message History

Okay, then.
Evoke which item? (* to show all) (? for menu, Esc to quit)
Aiming: Enslavement
Press: ? - help, Shift-Dir - straight line, f/p - hound
Aim: a hound (chance to defeat MR: 68%)
The hound is charmed.
The jackal bites your hound. What are your orders? t - Shout!
Orders for allies: a - Attack new target. p - Attack previous target. r - Retreat! s - Stop attacking. g - Guard the area. f - Follow me.
Anything else - Cancel.
Gang up on whom?
Press: ? - help, Dir - move target cursor, f - wyvern, p - hound
Aim: a wyvern Attack!
The jackal bites your iguana but does no damage.
The wyvern barely misses your hound.
The jackal completely misses your iguana.
Unknown command.
The wyvern barely misses your iguana. The jackal misses your hound.
The wyvern bites your iguana!!
Your iguana dies!
The jackal bites your hound. The jackal bites your hound.
The wyvern bites your hound.
Evoke which item? (* to show all) (? for menu, Esc to quit)
Aiming: Throw Flame
Press: ? - help, Shift-Dir - straight line, f/p - wyvern
Aim: a wyvern (moderately wounded)
The puff of flame hits the wyvern.
The wyvern is moderately wounded.
Something closely misses your hound. The jackal barely misses your hound.
Evoke which item? (* to show all) (? for menu, Esc to quit)
Aiming: Throw Flame
Press: ? - help, Shift-Dir - straight line, f/p - wyvern
Aim: a wyvern (heavily wounded) Really fire in your hound's direction? (Key replay ran out of keys)
Okay, then.
Evoke which item? (* to show all) (? for menu, Esc to quit)
That's the wrong kind of item! (Use * to select it.) Evoke which item? (* to show all) (? for menu, Esc to quit)
Okay, then.
Evoke which item? (* to show all) (? for menu, Esc to quit)
Aiming: Throw Flame
Press: ? - help, Shift-Dir - straight line, f - jackal, p - wyvern
Aim: a jackal The puff of flame hits the wyvern.
The wyvern is heavily wounded.
The jackal completely misses your hound.
The jackal closely misses your hound.
Unknown command.
Evoke which item? (* to show all) (? for menu, Esc to quit)
Aiming: Random Effects
Press: ? - help, Shift-Dir - straight line, f/p - jackal
Aim: a jackal The wyvern flickers and vanishes for a moment.
Evoke which item? (* to show all) (? for menu, Esc to quit)
Aiming: Random Effects
Press: ? - help, Shift-Dir - straight line, f - wyvern
Aim: a wyvern (heavily wounded, slightly transparent)
The wyvern seems to speed up.
The wyvern bites you!
Ouch! That really hurt!
You die...

##..## #...## ###.##
##..## ##..## ##.#
##..## ##...######
### #..##
##..##.....#
#..####.####..###.#
#..##..## #.##
##....## #..# ##...#
###..###### ##..#
##.....@l.h## #..#
#....######.# ####
##..## #.# #### #h#
# ########.# ..##
##..h.h...# ....#
#..h#######
#....#######..##
#......h.†.hh..#####


You could see a wyvern (invisible) and a friendly hound.

Vanquished Creatures
  A worm (D:4)
  A leopard gecko (D:4)
  A bat (D:2)
3 creatures vanquished.

Vanquished Creatures (others)
  An iguana (D:4)
  An adder (D:4)
2 creatures vanquished.

Grand Total: 5 creatures vanquished

Notes
Turn   | Place    | Note
-------+----------+-------------------------------------------
     0 | D:1      | Amnesiac the Spriggan Artificer began the quest for the Orb.
     0 | D:1      | Reached XP level 1. HP: 9/9 MP: 4/4
   384 | D:5      | Entered Level 5 of the Dungeon
   397 | D:5      | Noticed a crimson imp
   417 | D:5      | Found a transporter.
   418 | D:5      | Found Amiutyts's Antique Weapon Shop.
   423 | D:5      | Noticed an ice beast
   767 | D:4      | Noticed an iguana
   768 | D:4      | Noticed a hound
   792 | D:4      | Noticed a wyvern
   824 | D:4      | Slain by a wyvern

Vault maps used:
D:1:      minmay_arrival_up_and_down, glass_columns_c
D:2:      nicolae_overflow_crystal_walls, minmay_misc_feat_doors
D:3:      overflow_temple_1_default, serial_undead, serial_undead_a,
          serial_undead_c, serial_undead_f, serial_undead_d, first_ration,
          minmay_box_of_dots
D:4:      minmay_item_behind_shaft, okawaru_altar_gauntlet_db
D:5:      gammafunk_cloud_chamber, basic_altar, serial_shops,
          nicolae_shop_behind_doors, serial_bayou_ford_a, hex_intersection

Action                   || total
-------------------------++-------
Melee: Short sword       ||    18
Evoke: Wand              ||    12
 Stab: Sleeping          ||     1
Armor: Robe              ||     6
Dodge: Dodged            ||    57

Table legend:
 A = Spawn XP
 B = Non-spawn XP
 C = Spawn XP percentage of total XP
 D = Spawn monster count
 E = Non-spawn monster count
 F = Spawn count percentage of total count
 G = Total turns spent on level
                    A         B        C        D         E        F      G
               +---------+---------+-------+---------+---------+-------+---------
         Total |       0 |      10 |   0.0 |       0 |       3 |   0.0 |   824
               +---------+---------+-------+---------+---------+-------+---------
           D:2 |       0 |       2 |   0.0 |       0 |       1 |   0.0 |   139
           D:4 |       0 |       8 |   0.0 |       0 |       2 |   0.0 |   371
               +---------+---------+-------+---------+---------+-------+---------
